 Dungeon Crawl Stone Soup version 0.24.0-28-g17ded55e90 (webtiles) character file.

Game seed: 8478005154539250100, levelgen mode: deterministic

169 Flugslaktarn the Covered (level 5, -2/49 HPs)
             Began as a Deep Dwarf Fighter on Nov 12, 2019.
             Slain by Menkaure (9 damage)
             ... on level 4 of the Dungeon.
             The game lasted 00:00:57 (600 turns).

Flugslaktarn the Covered (Deep Dwarf Fighter)        Turns: 600, Time: 00:00:57

Health: -2/49      AC:  7    Str: 21    XL:     5   Next: 25%
Magic:  5/5        EV:  9    Int:  8    God:
Gold:   81         SH:  0    Dex: 12    Spells: 4/4 levels left

rFire    . . .     SeeInvis .   h - +2 halberd (vamp)
rCold    . . .     Gourm    .   (shield currently unavailable)
rNeg     . . .     Faith    .   b - +0 scale mail
rPois    .         Spirit   .   (no helmet)
rElec    .         Reflect  .   (no cloak)
rCorr    .         Harm     .   (no gloves)
MR       .....                  (no boots)
Stlth    ..........             (no amulet)
HPRegen  0.00/turn              (no ring)
MPRegen  0.09/turn              (no ring)

@: non-regenerating
A: damage resistance, heal wounds, sense surroundings 1, no regeneration
a: Heal Wounds


You were on level 4 of the Dungeon.
You were not hungry.

You visited 1 branch of the dungeon, and saw 4 of its levels.

You collected 81 gold pieces.

Inventory:

Hand Weapons
 a - a +0 war axe
 h - a +2 vampiric halberd (weapon)
   (You took it off a gnoll on level 2 of the Dungeon)
Armour
 b - a +0 scale mail (worn)
 c - a +0 shield
Jewellery
 k - an uncursed ring of protection from fire {unknown}
   (You found it on level 2 of the Dungeon)
Scrolls
 g - a scroll of amnesia {unknown}
 l - 3 scrolls of random uselessness {unknown}
 m - a scroll of fear {unknown}
Potions
 d - a potion of might
 i - a potion of flight {unknown}
 j - a potion of lignification {unknown}
Comestibles
 e - 2 rations
 f - 10 chunks of flesh


   Skills:
 + Level 3.4 Fighting
 * Level 4.2 Axes
 + Level 4.2 Armour
 - Level 4.0 Shields


You had 4 spell levels left.
You didn't know any spells.
Your spell library was empty.

Dungeon Overview and Level Annotations

Branches:
Dungeon (4/15)
 Temple: D:4-7

Altars:

Annotations:
D:4 Menkaure


Innate Abilities, Weirdness & Mutations

You are resistant to damage.
You can heal yourself by infusing magical energy.
You passively map a small area around you.
You do not regenerate.


Message History

You are too injured to fight recklessly!
You are too injured to fight recklessly!
You are too injured to fight recklessly!
You are too injured to fight recklessly!
Unknown command.
You feel much better. Menkaure hits you!
You hit Menkaure.
Menkaure is moderately damaged.
Menkaure hits you!
You barely miss Menkaure.
Menkaure is moderately damaged.
Menkaure barely misses you.
Your scale mail prevents you from hitting Menkaure.
Menkaure is moderately damaged.
Menkaure hits you!
* * * LOW HITPOINT WARNING * * *
You hit Menkaure.
Menkaure is moderately damaged.
Menkaure hits you!
You die...

..##..# ,.......**
....... ....(..,*
** .......*
.......## ######.
....>...## .......
......†@.# ########
......M#.#
.......##..##..##.#
#.........# ####..#
#.÷......# ##.##
#........## #..#
#.........# #.##
#.......#.#####.#
+...............#


You could see Menkaure.

Vanquished Creatures
  An orc priest (D:4)
  A worker ant (D:4)
  3 adders
  4 gnolls (D:2)
  An ooze (D:1)
  An adder skeleton (D:4)
  A worm (D:2)
  A leopard gecko (D:4)
  9 orcs
  A goblin (D:1)
  3 hobgoblins
  A ball python (D:1)
  5 bats
  2 frilled lizards
  2 kobolds
  3 rats
39 creatures vanquished.

Notes
Turn   | Place    | Note
-------+----------+-------------------------------------------
     0 | D:1      | Flugslaktarn the Deep Dwarf Fighter began the quest for the
                  | Orb.
     0 | D:1      | Reached XP level 1. HP: 20/20 MP: 1/1
   118 | D:1      | Reached XP level 2. HP: 27/27 MP: 2/2
   177 | D:2      | Reached XP level 3. HP: 25/34 MP: 3/3
   362 | D:2      | Reached XP level 4. HP: 32/42 MP: 4/4
   562 | D:4      | Reached XP level 5. HP: 47/49 MP: 5/5
   586 | D:4      | Noticed Menkaure
   600 | D:4      | Slain by Menkaure

Levels and vault maps discovered:
D:1:      kilobyte_arrival_exit_the_forest, layout_basic, minmay_hexomino_c4
D:2:      layout_loops_ring, fiery_altar_vehumet, minmay_misc_feat_secret_circle
D:3:      layout_loops_ring, kennysheep_slug_shrine,
          chequers_ecumenical_altar_grove
D:4:      layout_basic, serial_shops, shop, gup_sewer_entry_glass, st_stairs_5,
          uniq_menkaure

Skill      XL: |  1  2  3  4 |
---------------+-------------+-----
Fighting       | 3 |  3.4
Axes           | 3 4 |  4.2
Armour         | 4 |  4.2
Shields        | 4 |  4.0

Action                   |  1- 3 |  4- 6 || total
-------------------------+-------+-------++-------
Melee: War axe           |    52 |       ||    52
       Halberd           |     8 |    68 ||    76
 Abil: Heal Wounds       |     2 |     1 ||     3
Armor: Scale mail        |    21 |    51 ||    72
Dodge: Dodged            |    26 |    39 ||    65
Block: Shield            |    32 |       ||    32
